 Dungeon Crawl Stone Soup version 0.28.0-47-ge53b351184 (webtiles) character file.

Game seed: 7896039520707194606

471 Exodus22XD the Thaumaturge (level 6, -2/32 HPs)
             Began as a Deep Elf Conjurer on Apr 29, 2022.
             Was an Initiate of Vehumet.
             Slain by Crazy Yiuf
             ... wielding a +3 quarterstaff of chaos
              (18 damage)
             ... on level 4 of the Dungeon.
             The game lasted 00:09:09 (4442 turns).

Exodus22XD the Thaumaturge (Deep Elf Conjurer)      Turns: 4442, Time: 00:09:17

Health: -2/32      AC:  4    Str:  4    XL:     6   Next: 83%
Magic:  16/20      EV: 12    Int: 25    God:    Vehumet [......]
Gold:   186        SH:  0    Dex: 13    Spells: 21/24 levels left

rFire   + . .      SeeInvis .   i - staff of fire
rCold   . . .      Faith    .   (no shield)
rNeg    . . .      Spirit   .   a - +0 robe
rPois   +          Reflect  .   (no helmet)
rElec   .          Harm     .   (no cloak)
rCorr   +          Rampage  .   u - +0 pair of gloves
Will    .....                   l - +0 pair of boots
Stlth   ++........              (no amulet)
HPRegen 0.10/turn               g - ring of poison resistance
MPRegen 0.17/turn               k - ring of resist corrosion

@: no status effects
A: no striking features
a: Renounce Religion


You were on level 4 of the Dungeon.
You worshipped Vehumet.
Vehumet was noncommittal.
You visited 2 branches of the dungeon, and saw 5 of its levels.

You collected 186 gold pieces.

Inventory:

Hand Weapons
 f - a +0 dagger of electrocution
Armour
 a - a +0 robe (worn)
 l - a +0 pair of boots (worn)
 u - a +0 pair of gloves (worn)
Magical Staves
 i - a staff of fire (weapon)
Jewellery
 g - a ring of poison resistance (left hand)
 k - a ring of resist corrosion (right hand)
Wands
 v - a wand of polymorph (8)
Scrolls
 d - a scroll of enchant armour
 h - 2 scrolls of teleportation
 m - a scroll of enchant weapon
 n - a scroll of immolation {unknown}
 p - a scroll of summoning {unknown}
 r - a scroll of silence {unknown}
 s - a scroll of fear {unknown}
Potions
 b - a potion of ambrosia
 c - a potion of curing
 e - a potion of attraction {unknown}
 j - a potion of might
 o - a potion of heal wounds {unknown}
 q - a potion of brilliance {unknown}
 t - a potion of mutation {unknown}


   Skills:
 - Level 2.4 Dodging
 - Level 2.4 Stealth
 + Level 9.9 Spellcasting
 - Level 4.3 Conjurations


You had 21 spell levels left.
You knew the following spells:

 Your Spells              Type           Power      Damage    Failure   Level
a - Magic Dart            Conj           100%       1d8       1%          1
b - Searing Ray           Conj           68%        2d6       1%          2

Your spell library contained the following spells:

 Spells                   Type           Power      Damage    Failure   Level
 Beastly Appendage        Tmut           24%        N/A       4%          1
 Dazzling Flash           Conj/Hex       46%        N/A       6%          3
 Corpse Rot               Necr/Air       24%        N/A       8%          2
 Poisonous Vapours        Pois/Air       24%        N/A       8%          2
 Wereblood                Tmut           12%        N/A       8%          2
 Portal Projectile        Hex/Tloc       24%        N/A       16%         3
 Spider Form              Tmut/Pois      12%        N/A       16%         3
 Fulminant Prism          Conj/Hex       11%        3d9       21%         4
 Iskenderun's Mystic Bla  Conj/Tloc      23%        2d6       21%         4
 Blade Hands              Tmut           6%         N/A       80%         5
 Excruciating Wounds      Necr           6%         N/A       80%         5
 Starburst                Conj/Fire      17%        6d6       97%         6


Dungeon Overview and Level Annotations

Branches:
Dungeon (4/15)             Temple (1/1) D:4

Altars:
Ashenzari
Cheibriados
Elyvilon
Fedhas
Gozag
Kikubaaqudgha
Makhleb
Okawaru
Qazlal
Ru
Trog
Uskayaw
Vehumet
Wu Jian
Xom
Zin
The Shining One

Shops:
D:4 *

Annotations:
D:4 4 runed translucent doors, Crazy Yiuf


Message History

You feel Natasha's spirit has finally been put to rest.
The shadow imp disappears in a puff of smoke!
Magic restored.
v - a wand of polymorph (8)
Things that are here:
2 stones; a +0 short sword You see here 17 stones.
You see here a +0 club.
Found a robe.
You see here a +0 robe.
Found a mace.
Found a runed translucent door.
Crazy Yiuf shouts!
Press: ? - help, v - describe, . - travel The floor.
You open the door.
Press: ? - help, v - describe, . - travel
Here: Crazy Yiuf, wielding a +3 quarterstaff of chaos, wearing a +0 cloak and carrying a wand of flame (15)
The floor.
Unknown command.
Unknown command.
Okay, then.
Unknown command.
Casting: Searing Ray (safe; 1% risk of failure)
Confirm with . or Enter, or press ? or * to list all spells.
Aiming: Searing Ray (safe; 1% risk of failure)
Press: ? - help, Shift-Dir - straight line, f - Crazy Yiuf
Aim: Crazy Yiuf, wielding a +3 quarterstaff of chaos, wearing a +0 cloak and carrying a wand of flame (15) (83% to hit)
The searing ray hits Crazy Yiuf!
Crazy Yiuf is heavily wounded. (Press . to maintain the ray.)
The searing ray hits Crazy Yiuf.
Crazy Yiuf is almost dead.
Crazy Yiuf misses you.
The searing ray hits Crazy Yiuf.
Crazy Yiuf is almost dead.
Crazy Yiuf hits you with a +3 quarterstaff of chaos!
Ouch! That really hurt!
You are electrocuted!!
Ouch! That really hurt!
You die...

#....# #.##
#. ##..##
#.# #.
♣....♣ #.#
#. ♣...♣♣
#.# #. ♣♣.♣♣
#.# #. ♣.♣♣
#.# #. ♣♣.♣
#.# #. ♣.♣♣
#.########.
♣♣@♣
#..........
#g#
##########.
...
###########.
#...#
#...........
#..)#
############
#####


You could see Crazy Yiuf.

Vanquished Creatures
  A water moccasin (D:4)
  A bullfrog (D:4)
  A hound (D:3)
  An orc priest (D:3)
  Natasha (thrice) (D:4)
  An orc wizard (D:4)
  2 hound skeletons (D:4)
  2 adders (D:2)
  An ufetubus (D:3)
  An adder zombie (D:4)
  An adder skeleton (D:4)
  A worm (D:2)
  5 dart slugs
  10 orcs
  3 ball pythons
  6 endoplasms
  4 giant cockroaches
  7 goblins
  4 hobgoblins
  4 jackals
  4 kobolds
  2 quokkas (D:1)
  4 bats
  3 frilled lizards
  7 rats
79 creatures vanquished.

Notes
Turn   | Place    | Note
-------+----------+-------------------------------------------
     0 | D:1      | Exodus22XD the Deep Elf Conjurer began the quest for the
                  | Orb.
     0 | D:1      | Reached XP level 1. HP: 10/10 MP: 6/6
   253 | D:1      | Reached skill level 4 in Spellcasting
   253 | D:1      | Reached XP level 2. HP: 15/15 MP: 6/9
   285 | D:1      | Found a faded altar of an unknown god.
  1161 | D:2      | Reached XP level 3. HP: 19/19 MP: 0/11
  1253 | D:2      | Reached skill level 5 in Spellcasting
  1827 | D:2      | Reached skill level 6 in Spellcasting
  1827 | D:2      | Reached XP level 4. HP: 24/24 MP: 7/14
  2183 | D:3      | Learned a level 2 spell: Searing Ray
  2327 | D:3      | Reached skill level 7 in Spellcasting
  2327 | D:3      | Reached XP level 5. HP: 28/28 MP: 7/16
  3197 | D:4      | Found Orhiuvos's Assorted Antiques.
  3381 | D:4      | Found a large runed translucent door.
  3381 | D:4      | Found a large runed translucent door.
  3381 | D:4      | Found the ring of the Hare {EV+8}
  3484 | D:4      | Reached skill level 8 in Spellcasting
  3484 | D:4      | Noticed a water moccasin
  3492 | D:4      | Killed a water moccasin
  3493 | D:4      | Reached XP level 6. HP: 15/32 MP: 7/19
  3701 | D:4      | Found a large runed translucent door.
  3701 | D:4      | Found a large runed translucent door.
  3708 | D:4      | Noticed Natasha
  3743 | D:4      | Killed Natasha
  3744 | D:4      | Reached skill level 9 in Spellcasting
  4115 | D:4      | Noticed Natasha
  4117 | D:4      | Killed Natasha
  4217 | D:4      | Found a staircase to the Ecumenical Temple.
  4226 | Temple   | Entered the Ecumenical Temple
  4260 | Temple   | Became a worshipper of Vehumet
  4278 | D:4      | Noticed Natasha
  4281 | D:4      | Killed Natasha
  4435 | D:4      | Found a runed translucent door.
  4436 | D:4      | Noticed Crazy Yiuf
  4442 | D:4      | Slain by Crazy Yiuf

Illustrated notes

Levels and vault maps discovered:
D:1:      elethiomel_arrival_quiet, layout_loops_ring,
          hellmonk_ecumenical_altar_lost_god, minmay_pentomino_v4
D:2:      layout_rooms
D:3:      layout_loops_ring
D:4:      layout_loops_ring, minmay_temple_entry_statues, serial_shops, shop,
          eino_tiny_chamber, minmay_hollow_rounded_squares, uniq_natasha,
          uniq_crazy_yiuf_cottage
Temple:   grunt_wide_crystal_templ

Skill      XL: |  1  2  3  4  5  6 |
---------------+-------------------+-----
Spellcasting   | 4 6 7 8 9 |  9.9
Dodging        | |  2.4
Stealth        | |  2.4
Conjurations   | |  4.3

Action                   |  1- 3 |  4- 6 || total
-------------------------+-------+-------++-------
 Cast: Magic Dart        |    83 |    65 ||   148
       Searing Ray       |       |    13 ||    13
  Use: Scroll            |       |     6 ||     6
Armor: Robe              |     1 |     5 ||     6
Dodge: Dodged            |     2 |    14 ||    16
